 Dungeon Crawl Stone Soup version 0.26-a0-651-gb41185065b (webtiles) character file.

Game seed: 17847596920976647252

88 Irenicus the Slasher (level 4, -5/39 HPs)
             Began as a Minotaur Chaos Knight on Oct 29, 2020.
             Was a Plaything of Xom.
             Slain by Natasha (9 damage)
             ... on level 2 of the Dungeon.
             The game lasted 00:01:44 (644 turns).

Irenicus the Slasher (Minotaur Chaos Knight)         Turns: 644, Time: 00:01:44

Health: -5/39      AC:  1    Str: 17    XL:     4   Next: 29%
Magic:  3/3        EV: 11    Int:  9    God:    Xom [..*...]
Gold:   74         SH:  0    Dex: 10    Spells: 3/3 levels left

rFire    . . .     SeeInvis .   a - +0 falchion (chaos)
rCold    . . .     Faith    .   (no shield)
rNeg     . . .     Spirit   .   h - -2 leather armour (curse)
rPois    .         Reflect  .   (helmet restricted)
rElec    .         Harm     .   (no cloak)
rCorr    .         Rampage  .   (no gloves)
MR       .....                  (no boots)
Stlth    +.........             (no amulet)
HPRegen  0.13/turn              (no ring)
MPRegen  0.08/turn              (no ring)

@: invisible
A: retaliatory headbutt, horns 2
a: Renounce Religion


You were on level 2 of the Dungeon.
You worshipped Xom.
You were a toy of Xom.
You visited 1 branch of the dungeon, and saw 2 of its levels.

You collected 74 gold pieces.

Inventory:

Hand Weapons
 a - a +0 falchion of chaos (weapon)
Armour
 b - a +2 leather armour
 h - a cursed -2 leather armour (worn)
   (You found it on level 2 of the Dungeon)
Jewellery
 i - an uncursed ring of fire {unknown}
   (You found it on level 2 of the Dungeon)
Scrolls
 f - a scroll of identify
 g - a scroll of teleportation
Potions
 c - a potion of ambrosia {unknown}
 d - a potion of heal wounds {unknown}
 j - a potion of haste {unknown}


   Skills:
 - Level 3.6 Fighting
 + Level 6.2 Long Blades
 - Level 2.4 Armour
 - Level 1.1 Dodging


You had 3 spell levels left.
You didn't know any spells.
Your spell library contained the following spells:

 Spells                   Type           Power        Failure   Level
 Confusing Touch          Hex            #.......     82%         3
 Gell's Gravitas          Tloc           #.........   82%         3
 Petrify                  Tmut/Erth      #.......     99%         4
 Metabolic Englaciation   Hex/Ice        #.........   100%        5
 Yara's Violent Unravell  Hex/Tmut       #.........   100%        5


Dungeon Overview and Level Annotations

Branches:
Dungeon (2/15)

Altars:

Annotations:
D:2 Natasha


Innate Abilities, Weirdness & Mutations

You reflexively headbutt those who attack you in melee.
You have a pair of horns on your head.


Message History

The frilled lizard moves out of view.
The kobold shouts!
A kobold comes into view. It is wielding a +2 whip of venom.
The kobold throws a stone.
The stone hits you but does no damage.
Things that are here:
a stone; a fizzy silvery potion
There are monsters nearby!
j - a fizzy silvery potion The kobold throws a stone.
The stone hits you but does no damage.
You hit the kobold.
The kobold is moderately wounded.
The kobold hits you but does no damage.
You closely miss the kobold.
The kobold is moderately wounded.
The frilled lizard misses you.
You riposte.
You barely miss the frilled lizard.
The kobold barely misses you. x2; You riposte.
You closely miss the kobold.
The kobold is moderately wounded.
Found a stone staircase leading up.
You hit the kobold.
You feel better.
You kill the kobold!
The frilled lizard bites you. The kobold hits you.
You take 2 damage, and have 21/39 hp.
You closely miss the frilled lizard. The frilled lizard closely misses you.
You furiously retaliate!
You headbutt the frilled lizard. The kobold hits you.
You completely miss the frilled lizard.
The frilled lizard is heavily wounded.
The frilled lizard closely misses you. The kobold barely misses you.
You riposte.
You barely miss the kobold.
The kobold is moderately wounded.
You hit the frilled lizard.
You kill the frilled lizard!
The kobold barely misses you.
You riposte.
You slash the kobold!
You kill the kobold!
Things that are here:
a +2 whip of venom; 2 stones; a kobold corpse
There is a stone staircase leading up here.
You see here 27 arrows.
A giant cockroach comes into view.
You regained 2 hp, and now have 23/39 hp.
Found a stone staircase leading up.
The giant cockroach bites you but does no damage.
You slash the giant cockroach!
You kill the giant cockroach!
There is a stone staircase leading up here.
You now have 63 gold pieces (gained 16).
You now have 74 gold pieces (gained 11).
A bat comes into view.
You regained 2 hp, and now have 26/39 hp.
A bat is nearby!
The bat misses you. The bat hits you.
You take 1 damage, and have 26/39 hp.
The bat hits you.
You take 1 damage, and have 25/39 hp.
You miss the bat. The bat hits you but does no damage.
The bat barely misses you.
You riposte.
You closely miss the bat. Your headbutt misses the bat. The bat hits you.
You take 1 damage, and have 24/39 hp.
You barely miss the bat. The bat misses you. You furiously retaliate!
You headbutt the bat.
You kill the bat!
You see here a bat corpse.
Found an escape hatch in the ceiling.
A rat comes into view.
You regained 2 hp, and now have 27/39 hp.
You hit the rat. You freeze the rat.
You kill the rat!
Natasha, Servant of Life and Death comes into view.
She is carrying a wand of random effects (23).
Natasha hisses angrily.
You regained 2 hp, and now have 29/39 hp.
Natasha casts a spell.
Found a stone staircase leading down.
Natasha claws you!
You take 8 damage, and have 21/39 hp.
MASSIVE DAMAGE!!
You hit Natasha but do no damage.
Natasha flickers and vanishes!
Deactivating autopickup; reactivate with Ctrl-A.
Xom is highly amused!
Your headbutt misses something. Something claws you but does no damage.
You miss something.
You hear some strange, mumbled words.
A magic dart appears from out of thin air!
The magic dart hits you.
The crimson imp hits you but does no damage.
You take 6 damage, and have 16/39 hp.
You slash something! You headbutt something. Something claws you.
The crimson imp hits you.
You take 2 damage, and have 14/39 hp.
You closely miss something.
Xom snickers.
Your bubbling silvery potion falls out of your pack, then immediately jumps back in!
Something claws you!
* * * LOW HITPOINT WARNING * * *
The crimson imp hits you.
* * * LOW HITPOINT WARNING * * *
You take 10 damage, and have 4/39 hp.
MASSIVE DAMAGE!!
It was a potion of invisibility.
You fade into invisibility!
Something claws you!
You die...

#.# #....#..... #.#
.# #....##.#.. ###.#
.# #... #.#.. #...#
#.# .... #.#.# #.###
###.. ##. ....# #.#
#...## #....
######.#####....
....#.
#.....†....#{5######
.....
#...........@....>..
....
#..........#.#######
#............#
#.[........### .
#..........# .. .
#######....# #.#
##.#.## #..# #....#
#.. #.#.## ##..


You could see a crimson imp (summoned).

Vanquished Creatures
  Jessica (D:2)
  An adder (D:2)
  An ooze (D:2)
  A worm (D:2)
  A dart slug (D:1)
  A leopard gecko (D:2)
  4 giant cockroaches
  A goblin (D:1)
  3 hobgoblins (D:1)
  4 jackals (D:2)
  7 kobolds
  A quokka (D:2)
  2 ball pythons (D:1)
  7 bats
  4 frilled lizards
  6 rats
45 creatures vanquished.

Notes
Turn   | Place    | Note
-------+----------+-------------------------------------------
     0 | D:1      | Irenicus the Minotaur Chaos Knight began the quest for the
                  | Orb.
     0 | D:1      | Reached XP level 1. HP: 19/19 MP: 0/0
    27 | D:1      | Reached skill level 4 in Long Blades
    47 | D:1      | Reached XP level 2. HP: 24/26 MP: 1/1
   139 | D:1      | XOM: divination: detect creatures
   208 | D:1      | XOM: silly message
   267 | D:1      | Reached skill level 5 in Long Blades
   403 | D:1      | XOM: silly message
   423 | D:2      | Noticed Jessica
   427 | D:2      | Killed Jessica
   427 | D:2      | Reached XP level 3. HP: 31/31 MP: 2/2
   459 | D:2      | Reached skill level 6 in Long Blades
   459 | D:2      | Reached XP level 4. HP: 34/39 MP: 3/3
   637 | D:2      | Noticed Natasha
   643 | D:2      | XOM: silly message
   643 | D:2      | HP: 6/39 [something (8)]
   644 | D:2      | Slain by Natasha

Illustrated notes

Levels and vault maps discovered:
D:1:      lemuel_arrival_behind_the_door_small, layout_rooms
D:2:      layout_rooms, gammafunk_temple_overflow_wave, uniq_natasha,
          uniq_jessica

Skill      XL: |  1  2  3 |
---------------+----------+-----
Long Blades    | 4 5 6 |  6.2
Fighting       | |  3.6
Armour         | |  2.4
Dodging        | |  1.1

Action                   |  1- 3 |  4- 6 || total
-------------------------+-------+-------++-------
Melee: Falchion          |    43 |    27 ||    70
       Headbutt          |     5 |     5 ||    10
  Use: Scroll            |       |     1 ||     1
       Potion            |       |     1 ||     1
 Stab: Petrified         |       |     2 ||     2
Armor: Leather armour    |    32 |     7 ||    39
Dodge: Dodged            |    48 |    15 ||    63
       Rpst.: Falchion   |    16 |     5 ||    21

Table legend: (Time is in decaauts)
 A = Elapsed time spent in this place.
 B = Non-inter-level travel time spent in this place.
 C = Inter-level travel time spent in this place.
 D = Time resting spent in this place.
 E = Time spent auto-exploring this place.
 F = Levels seen in this place.
 G = Mean time per level.
                   A        B        C        D        E       F      G
               +--------+--------+--------+--------+--------+-----+--------+
         Total |    646 |    642 |      4 |      0 |    421 |   2 |  323.0 |
       Dungeon |    646 |    642 |      4 |      0 |    421 |   2 |  323.0 |
               +--------+--------+--------+--------+--------+-----+--------+

Top non-repeatable levels by time:
     D:1: 424 daAuts
     D:2: 221 daAuts

Table legend:
 A = Kills in this place as a percentage of kills in entire the game.
 B = Kills by you in this place as a percentage of kills by you in the entire game.
 C = Kills by friends in this place as a percentage of kills by friends in the entire game.
 D = Other kills in this place as a percentage of other kills in the entire game.
 E = Experience gained in this place as a percentage of experience gained in the entire game.
 F = Experience gained in this place divided by the number of levels of this place that you have seen.
                   A       B       C       D       E      F
               +-------+-------+-------+-------+-------+----------------------
         Total | 100.0 | 100.0 |   N/A |   N/A | 100.0 |  63.0
       Dungeon | 100.0 | 100.0 |   N/A |   N/A | 100.0 |  63.0
               +-------+-------+-------+-------+-------+----------------------
